 Dungeon Crawl Stone Soup version 0.30.1-1-g62c8e00024 (webtiles) character file.

Game seed: 2001350603354779596

1055 booth the Chopper (level 8, -4/64 HPs)
             Began as a Gnoll Reaver on July 16, 2023.
             Slain by a shadow (19 damage)
             ... on level 6 of the Dungeon.
             The game lasted 00:38:17 (5872 turns).

booth the Chopper (Gnoll Reaver)                    Turns: 5872, Time: 00:38:18

Health: -4/64      AC: 14    Str: 18    XL:     8   Next: 26%
Magic:  17/17      EV: 13    Int: 13    God:
Gold:   298        SH:  0    Dex: 11    Spells: 13/19 levels left

rFire   . . .        j - +1 short sword (speed)
rCold   . . .        (no shield)
rNeg    . . .        i - +3 leather armour of Omission {Str+5 Stlth+}
rPois   .            y - +2 hat
rElec   .            (no cloak)
rCorr   .            r - +0 pair of gloves
SInv    .            d - +0 pair of boots
Will    .....        t - amulet of regeneration
Stlth   ++++++       v - ring of Shadows {Umbra +Inv Stlth+}
HPRegen 1.10/turn    A - +4 ring of protection
MPRegen 0.15/turn

%: no passive effects
@: wreathed by umbra
A: fangs 1, strong nose, distributed training
a: Evoke Invisibility


You were on level 6 of the Dungeon.
You visited 1 branch of the dungeon, and saw 6 of its levels.

You collected 298 gold pieces.

Inventory:

Hand Weapons
 a - a +0 hand axe
 h - a +0 mace
 j - a +1 short sword of speed (weapon)
 s - the +1 long sword "Pendulum" {flame, rC+ SInv}
   (You found it on level 3 of the Dungeon)

   rC:        It protects you from cold.
   SInv:      It lets you see invisible.
 E - a +1 war axe of electrocution
Missiles
 f - 18 poisoned darts (quivered)
 o - 5 boomerangs
 z - 3 throwing nets
Armour
 b - a +0 leather armour
 d - a +0 pair of boots (worn)
 i - the +3 leather armour of Omission (worn) {Str+5 Stlth+}
   (You found it on level 4 of the Dungeon)

   Str:       It affects your strength (+5).
   Stlth:     It makes you more stealthy.
 r - a +0 pair of gloves (worn)
 y - a +2 hat (worn)
Jewellery
 t - an amulet of regeneration (around neck)
 v - the ring of Shadows (left hand) {Umbra +Inv Stlth+}
   (You found it on level 4 of the Dungeon)

   [ring of stealth]

   Umbra:     It surrounds you with an aura of shadow, increasing your stealth
   and reducing the accuracy of all others within it.
   +Inv:      It lets you turn invisible.
   Stlth:     It makes you more stealthy.
 A - a +4 ring of protection (right hand)
Wands
 C - a wand of quicksilver (12)
 G - a wand of mindburst (2)
Scrolls
 n - a scroll of poison
 p - a scroll of amnesia
 q - 2 scrolls of magic mapping
 w - a scroll of fog
 B - a scroll of blinking
 D - 2 scrolls of identify
Potions
 c - 3 potions of mutation
 e - a potion of flight
 g - a potion of cancellation {unknown}
 k - 3 potions of curing
 l - a potion of heal wounds
 m - a potion of haste
 u - a potion of lignification
 x - a potion of might
 F - a potion of degeneration {unknown}


   Skills:
 + Level 5.6 Fighting
 + Level 3.2 Short Blades
 + Level 3.2 Long Blades
 + Level 7.3 Axes
 + Level 3.2 Maces & Flails
 + Level 3.2 Polearms
 + Level 3.2 Staves
 + Level 3.2 Ranged Weapons
 + Level 3.2 Throwing
 + Level 3.2 Armour
 + Level 5.6 Dodging
 + Level 3.2 Stealth
 + Level 3.2 Shields
 + Level 3.2 Unarmed Combat
 + Level 6.0 Spellcasting
 + Level 6.1 Conjurations
 + Level 2.6 Hexes
 + Level 2.6 Summonings
 + Level 2.6 Necromancy
 + Level 2.6 Translocations
 + Level 2.6 Transmutations
 + Level 2.6 Fire Magic
 + Level 2.6 Ice Magic
 + Level 2.6 Air Magic
 + Level 2.6 Earth Magic
 + Level 2.6 Poison Magic
 + Level 3.5 Invocations
 + Level 3.2 Evocations


You had 13 spell levels left.
You knew the following spells:

 Your Spells              Type           Power      Damage    Failure   Level
a - Kiss of Death         Conj/Necr      60%        2d10      3%          1
b - Momentum Strike       Conj/Tloc      30%        3d8       4%          2
c - Hailstorm             Conj/Ice       15%        3d5       10%         3

Your spell library contained the following spells:

 Spells                   Type           Power      Damage    Failure   Level


Dungeon Overview and Level Annotations

Branches:
Dungeon (6/15)
 Temple: D:4-7

Altars:
Trog
Wu Jian

Shops:
D:4 =


Innate Abilities, Weirdness & Mutations

You have very sharp teeth.
Your uncanny sense of smell can sniff out nearby items.
Your experience applies equally to all skills.


Message History

You hit the shadow. Your bite misses the shadow.
The shadow is heavily damaged.
The shadow barely misses you.
You hit the shadow but do no damage. You punch the shadow.
The shadow is heavily damaged.
You completely miss the shadow.
The shadow is heavily damaged.
The shadow hits you.
You hit the shadow. Your bite misses the shadow.
The shadow is severely damaged.
You hit the shadow but do no damage.
The shadow is severely damaged.
The shadow hits you.
You hit the shadow.
The shadow is severely damaged.
The shadow slips into darkness.
The shadow flickers and vanishes!
Deactivating autopickup; reactivate with Ctrl-A.
You barely miss something. You hit something but do no damage.
The shadow strikes at you from the darkness!
* * * LOW HITPOINT WARNING * * *
Reactivating autopickup.
You hit the shadow but do no damage.
The shadow is severely damaged.
You hit the shadow but do no damage.
The shadow is severely damaged.
The shadow hits you.
* * * LOW HITPOINT WARNING * * *
You closely miss the shadow.
The shadow is severely damaged.
You hit the shadow but do no damage.
The shadow is severely damaged.
The shadow slips into darkness.
The shadow flickers and vanishes!
Deactivating autopickup; reactivate with Ctrl-A.
You hit something. Your bite misses something.
You hit something but do no damage.
The shadow strikes at you from the darkness!
You die...

.. ### #. .[# ##.#### #.#
###[.8.?# #.# ........#
#.# #.#8...8####.#
#.......#.{@.##
#..8....##..#
###########.# ### #.# ..#
#.# #.# #.# #[ #.# #.# #.
#.# #.#
#.###.############.#######


There were no monsters in sight!

Vanquished Creatures
  An ice beast (D:6)
  A black bear (D:5)
  4 scorpions
  A howler monkey (D:5)
  2 orc priests (D:5)
  A gnoll bouda (D:5)
  2 hounds (D:5)
  A jelly (D:5)
  A sleepcap (D:6)
  3 iguanas
  An orc wizard (D:5)
  12 gnolls
  6 adders
  2 river rats (D:6)
  A white imp (D:6)
  An ufetubus (D:6)
  2 worms
  A dart slug (D:3)
  3 orcs (D:5)
  8 bats
  An endoplasm (D:2)
  3 giant cockroaches
  13 goblins
  7 hobgoblins
  2 jackals (D:1)
  4 quokkas
  4 ball pythons
  5 frilled lizards
  11 kobolds
  4 rats
108 creatures vanquished.

Notes
Turn   | Place    | Note
-------+----------+-------------------------------------------
     0 | D:1      | booth the Gnoll Reaver began the quest for the Orb.
     0 | D:1      | Reached XP level 1. HP: 20/20 MP: 6/6
   111 | D:1      | Reached XP level 2. HP: 26/26 MP: 7/7
   267 | D:1      | Learned a level 2 spell: Momentum Strike
   568 | D:1      | Reached skill level 5 in Spellcasting
   568 | D:1      | Reached XP level 3. HP: 29/31 MP: 7/9
   572 | D:1      | Learned a level 3 spell: Hailstorm
   845 | D:2      | Reached skill level 1 in Invocations
  1309 | D:2      | Reached skill level 1 in Short Blades
  1309 | D:2      | Reached skill level 1 in Long Blades
  1309 | D:2      | Reached skill level 1 in Maces & Flails
  1309 | D:2      | Reached skill level 1 in Polearms
  1309 | D:2      | Reached skill level 1 in Staves
  1309 | D:2      | Reached skill level 1 in Ranged Weapons
  1309 | D:2      | Reached skill level 1 in Throwing
  1309 | D:2      | Reached skill level 1 in Armour
  1309 | D:2      | Reached skill level 1 in Stealth
  1309 | D:2      | Reached skill level 1 in Shields
  1309 | D:2      | Reached skill level 1 in Unarmed Combat
  1309 | D:2      | Reached skill level 1 in Evocations
  1351 | D:2      | Reached XP level 4. HP: 38/38 MP: 11/11
  1674 | D:3      | Reached skill level 1 in Hexes
  1674 | D:3      | Reached skill level 1 in Summonings
  1674 | D:3      | Reached skill level 1 in Necromancy
  1674 | D:3      | Reached skill level 1 in Translocations
  1674 | D:3      | Reached skill level 1 in Transmutations
  1674 | D:3      | Reached skill level 1 in Fire Magic
  1674 | D:3      | Reached skill level 1 in Ice Magic
  1674 | D:3      | Reached skill level 1 in Air Magic
  1674 | D:3      | Reached skill level 1 in Earth Magic
  1674 | D:3      | Reached skill level 1 in Poison Magic
  1744 | D:3      | Found a bloodstained altar of Trog.
  2068 | D:3      | Found an ornate altar of the Wu Jian Council.
  2074 | D:3      | Noticed a spectral centipede
  2074 | D:3      | Noticed a spectral black mamba
  2074 | D:3      | Noticed a spectral cane toad
  2112 | D:3      | Identified the +1 long sword "Pendulum" {flame, rC+ SInv}
  2821 | D:4      | Identified the +3 leather armour of Omission {Str+5 Stlth+}
  2840 | D:4      | Noticed a scorpion
  2966 | D:4      | Found the ring of Shadows {Umbra +Inv Stlth+}
  2977 | D:4      | You fall into a shaft and drop 2 floors!
  3079 | D:6      | Reached XP level 5. HP: 43/43 MP: 12/12
  3162 | D:5      | Entered Level 5 of the Dungeon
  3168 | D:4      | Found Baqumm's Jewellery Emporium.
  3716 | D:4      | Reached skill level 5 in Fighting
  3716 | D:4      | Reached skill level 5 in Dodging
  3716 | D:4      | Reached XP level 6. HP: 51/51 MP: 14/14
  4213 | D:5      | Reached skill level 7 in Axes
  4213 | D:5      | Reached XP level 7. HP: 30/56 MP: 15/15
  5186 | D:5      | Reached XP level 8. HP: 61/63 MP: 16/16
  5831 | D:6      | Noticed a shadow
  5872 | D:6      | Slain by a shadow

Illustrated notes

Levels and vault maps discovered:
D:1:      shiori_arrival_elements, layout_basic
D:2:      layout_rooms, lexackson_kobold_supper
D:3:      layout_basic, pdpol_wu_jian_five_deadly_venoms, lemuel_crystal_altar
D:4:      layout_basic, nicolae_take_the_stairs
D:5:      layout_loops_corners, chequers_serial_rivers_small_a
D:6:      layout_loops_ring, nicolae_ossuary_entry_monument,
          gup_sewer_entry_bubbles, uniq_crazy_yiuf_cottage

Skill      XL: |  1  2  3  4  5  6  7  8 |
---------------+-------------------------+-----
Spellcasting   | 5 6 |  6.0
Invocations    | 1 2 3 |  3.5
Short Blades   | 1 2 3 |  3.2
Long Blades    | 1 2 3 |  3.2
Maces & Flails | 1 2 3 |  3.2
Polearms       | 1 2 3 |  3.2
Staves         | 1 2 3 |  3.2
Ranged Weapons | 1 2 3 |  3.2
Throwing       | 1 2 3 |  3.2
Armour         | 1 2 3 |  3.2
Stealth        | 1 2 3 |  3.2
Shields        | 1 2 3 |  3.2
Unarmed Combat | 1 2 3 |  3.2
Evocations     | 1 2 3 |  3.2
Hexes          | 1 2 |  2.6
Summonings     | 1 2 |  2.6
Necromancy     | 1 2 |  2.6
Translocations | 1 2 |  2.6
Transmutations | 1 2 |  2.6
Fire Magic     | 1 2 |  2.6
Ice Magic      | 1 2 |  2.6
Air Magic      | 1 2 |  2.6
Earth Magic    | 1 2 |  2.6
Poison Magic   | 1 2 |  2.6
Fighting       | 5 |  5.6
Dodging        | 5 |  5.6
Axes           | 7 |  7.3
Conjurations   | 6 |  6.1

Action                     |  1- 3 |  4- 6 |  7- 9 || total
---------------------------+-------+-------+-------++-------
  Melee: Hand axe          |   326 |    44 |       ||   370
         Bite              |    48 |    28 |    42 ||   118
         Punch             |     4 |     4 |     7 ||    15
         Short sword       |       |   210 |   280 ||   490
  Throw: Dart              |     6 |    29 |    27 ||    62
         Boomerang         |     4 |       |       ||     4
   Cast: Hailstorm         |       |     1 |     2 ||     3
Ability: Evoke Invisibilit |       |       |     1 ||     1
    Use: Scroll            |     2 |     5 |     4 ||    11
         Potion            |     1 |     5 |       ||     6
   Stab: Sleeping          |     1 |     4 |     5 ||    10
 Armour: Leather armour    |    46 |    53 |    45 ||   144
  Dodge: Dodged            |    99 |   110 |   124 ||   333
